cohdb
Replays
Latest Replays
All Replays
Popular Replays
Top Player Replays
Match Explorer
How It Works
Community
CoH3 Stats
Reddit
Sign in to upload your games and track your stats! →
Sign in with Steam
Match 41619722
Unlisted
Match 41619722
Overview
Messages
Build Orders
End
Selects Canadian Shock Battlegroup
Construct Section Command Post
Vickers Machine Gun Team
Dingo Light Scout Car
Infantry Section
Royal Engineer Section
Construct Platoon Command Post
Construct Field Infirmary
6-pounder Anti-tank Gun Team
Selects Attacking Spirit
Selects Canadian Shock Section
Canadian Shock Section
Selects Incendiary Munitions
Canadian Shock Section
Selects Pyrotechnics
Construct Company Command Post
Canadian Shock Section
Selects Smoke Operation
Unlock M3 Grant Medium Tanks
Crusader II Medium Tank
Canadian Shock Section
M3 Grant Medium Tank
Selects Smoke Operation
M3 Grant Medium Tank
mp5
Dawes
Whitent
Yami
J๏ἶήţ๏
Clint Eastwood
NerV
HENIEK
0
0
Comments
sign in to comment!
No comments posted yet!